 Dungeon Crawl Stone Soup version 0.28.0-45-g0d030f2227 (webtiles) character file.

Game seed: 17491982779090279880

3734 dohliylev the Grappler (level 9, 0/88 HPs)
             Began as a Troll Warper on May 10, 2022.
             Was an Initiate of Okawaru.
             Succumbed to a killer bee's poison
             ... on level 6 of the Dungeon.
             The game lasted 00:13:22 (7215 turns).

dohliylev the Grappler (Troll Warper)               Turns: 7215, Time: 00:13:22

Health: 0/88       AC:  6    Str: 25    XL:     9   Next: 92%
Magic:  19/19      EV: 11    Int:  9    God:    Okawaru [......]
Gold:   439        SH:  0    Dex:  9    Spells: 10/10 levels left

rFire   . . .      SeeInvis .     - Unarmed
rCold   . . .      Faith    .   (no shield)
rNeg    . . .      Spirit   .   x - +1 robe {Will+}
rPois   .          Reflect  .   (helmet restricted)
rElec   .          Harm     .   E - +0 cloak
rCorr   .          Rampage  .   (gloves unavailable)
Will    +....                   (boots unavailable)
Stlth   +.........              (no amulet)
HPRegen 1.04/turn               p - ring of magical power
MPRegen 0.16/turn               (no ring)

@: brilliant, lethally poisoned (0 -> -7), attractive
A: large, unfitting armour, claws 3, regeneration 1, shaggy fur 1, tough skin 1
a: Renounce Religion


You were on level 6 of the Dungeon.
You worshipped Okawaru.
Okawaru was noncommittal.
You visited 1 branch of the dungeon, and saw 8 of its levels.
You also visited: Ossuary.

You collected 439 gold pieces.

Inventory:

Hand Weapons
 w - a +0 antimagic dagger
Missiles
 c - 5 boomerangs of dispersal (quivered)
Armour
 x - a +1 robe of willpower (worn)
 D - an orb of light
 E - a +0 cloak (worn)
Jewellery
 p - a ring of magical power (left claw)
Wands
 j - a wand of acid (4)
 l - a wand of charming (3)
 F - a wand of paralysis (9)
Scrolls
 b - 2 scrolls of blinking
 f - 2 scrolls of immolation {unknown}
 g - 10 scrolls of identify {unknown}
 h - 4 scrolls of noise {unknown}
 q - a scroll of vulnerability {unknown}
 t - a scroll of magic mapping {unknown}
 u - a scroll of acquirement {unknown}
 y - a scroll of teleportation {unknown}
 B - 2 scrolls of summoning {unknown}
 C - a scroll of fear {unknown}
 G - a scroll of torment {unknown}
Potions
 a - a potion of degeneration {unknown}
 d - a potion of mutation {unknown}
 e - 6 potions of curing
 i - a potion of attraction
 k - a potion of haste {unknown}
 m - a potion of cancellation {unknown}
 n - 2 potions of magic {unknown}
 o - 2 potions of heal wounds {unknown}
 r - a potion of flight {unknown}
 s - 2 potions of might {unknown}
 v - 2 potions of lignification {unknown}
 z - 2 potions of brilliance
 A - a potion of berserk rage


   Skills:
 * Level 5.1 Fighting
 + Level 0.9 Throwing
 * Level 7.1 Dodging
 + Level 10.0 Unarmed Combat
 + Level 1.3 Spellcasting
 + Level 2.8 Translocations


You had 10 spell levels left.
You didn't know any spells.
Your spell library contained the following spells:

 Spells                   Type           Power      Damage    Failure   Level
 Apportation              Tloc           16%        N/A       11%         1
 Blink                    Tloc           16%        N/A       17%         2
 Gell's Gravitas          Tloc           8%         N/A       32%         3
 Lesser Beckoning         Tloc           8%         N/A       32%         3
 Teleport Other           Tloc           8%         N/A       32%         3
 Ozocubu's Armour         Ice            0%         N/A       71%         3
 Stone Arrow              Conj/Erth      0%         3d7       71%         3
 Manifold Assault         Tloc           8%         N/A       97%         5
 Metabolic Englaciation   Hex/Ice        0%         N/A       100%        5
 Dispersal                Tloc           4%         N/A       100%        6
 Lehudib's Crystal Spear  Conj/Erth      0%         10d2      100%        8
 Animate Skeleton         Necr           Unusable   N/A       N/A         1
 Summon Small Mammal      Summ           Unusable   N/A       N/A         1
 Animate Armour           Summ/Erth      Unusable   N/A       N/A         4
 Simulacrum               Ice/Necr       Unusable   N/A       N/A         6

Dungeon Overview and Level Annotations

Branches:
Dungeon (8/15)             Temple (0/1) D:7         Ossuary (visited)
   Lair: D:8-11

Altars:
Elyvilon
Gozag
Makhleb
Okawaru
Ru

Annotations:
D:6 1 runed translucent door, Faeu's ghost, novice MiFi


Innate Abilities, Weirdness & Mutations

You are too large for most types of armour.
You have claws for hands.
Your natural rate of healing is unusually fast.
You are covered in fur. (AC +1)
You have tough skin. (AC +1)


Message History

The killer bee is lightly wounded.
* * * LOW HITPOINT WARNING * * *
You feel very sick. The killer bee closely misses you.
The killer bee barely misses you.
Blink to where?
Press: ? - help, Dir - move target
As you read the scroll of blinking, it crumbles to dust.
* * * LOW HITPOINT WARNING * * *
You feel sick.
It was a potion of curing.
You feel better. The killer bee stings you.
* * * LOW HITPOINT WARNING * * *
The killer bee stings you but does no damage.
The killer bee stings you.
* * * LOW HITPOINT WARNING * * *
You barely miss the killer bee.
The killer bee is lightly wounded.
The killer bee stings you.
* * * LOW HITPOINT WARNING * * *
You are poisoned.
The killer bee poisons you!
You miss the killer bee. Your claw misses the killer bee.
The killer bee is lightly wounded.
You feel sick. The killer bee stings you.
* * * LOW HITPOINT WARNING * * *
The killer bee closely misses you.
You miss the killer bee.
The killer bee is lightly wounded.
You feel sick. The killer bee stings you.
* * * LOW HITPOINT WARNING * * *
The killer bee barely misses you.
It was a potion of brilliance.
You feel clever all of a sudden.
You feel sick. The killer bee misses you. The killer bee stings you.
* * * LOW HITPOINT WARNING * * *
You are lethally poisoned!
The killer bee poisons you!
It was a potion of attraction.
You feel attractive to monsters.
You die...

.........+....#..............#
.#......#+...................#
............#................#
.......<....#................#
....###.....#..........).....#
.#...##.....#................#
.#..........#................#
.#.#.####....###+#####'#######
.#...#.....#.# #@# #.#
##.#.......#.# #y### #.#
#.#.#.#####.###.#.# #.#######
#.#.#..#......#.#.# #.......#
##.#.#.......###.#.#########.#
#......<..##.# #.#...........#
...#.##.####.###.#.###########
##.#.............#.#
.......#######.....#


You could see a killer bee.

Vanquished Creatures
  Pikel (D:5)
  Joseph (D:7)
  A kobold demonologist (D:7)
  A wraith (Ossuary)
  Menkaure (D:5)
  A water moccasin (D:7)
  2 orc warriors
  A sky beast (D:5)
  3 centaurs
  2 ogres
  A phantom (D:4)
  A kobold brigand (D:7)
  4 elf skeletons (D:4)
  A scorpion (D:3)
  A wyvern skeleton (D:6)
  A water moccasin skeleton (D:5)
  2 howler monkeys
  5 hounds
  3 jellies
  A gnoll shaman (D:4)
  Crazy Yiuf (D:6)
  A bullfrog skeleton (D:6)
  A centaur skeleton (D:6)
  3 orc priests
  2 human skeletons (D:4)
  9 orc wizards
  3 mummies (Ossuary)
  9 gnolls
  7 adders
  2 shadow imps (D:7)
  A white imp (D:5)
  An adder skeleton (D:4)
  3 worms
  2 dart slugs
  9 orcs
  5 bats
  5 endoplasms
  6 giant cockroaches
  2 gnoll zombies (Ossuary)
  9 goblins
  12 hobgoblins
  2 jackals (D:1)
  3 quokkas
  10 ball pythons
  5 frilled lizards
  A goblin zombie (Ossuary)
  4 hobgoblin zombies (Ossuary)
  11 kobolds
  6 kobold zombies (Ossuary)
  2 orc zombies (Ossuary)
  9 rats
180 creatures vanquished.

Vanquished Creatures (others)
  3 plants (D:7)
  2 withered plants (D:6)
5 creatures vanquished.

Grand Total: 185 creatures vanquished

Notes
Turn   | Place    | Note
-------+----------+-------------------------------------------
     0 | D:1      | dohliylev the Troll Warper began the quest for the Orb.
     0 | D:1      | Reached XP level 1. HP: 19/19 MP: 1/1
    96 | D:1      | Reached XP level 2. HP: 28/28 MP: 2/2
   831 | D:2      | Reached XP level 3. HP: 35/35 MP: 3/3
  1032 | D:2      | Reached XP level 4. HP: 25/42 MP: 3/5
  1074 | D:2      | Found a faded altar of an unknown god.
  1542 | D:3      | Found a white marble altar of Elyvilon.
  1755 | D:3      | Noticed an ogre
  1761 | D:3      | Killed an ogre
  1762 | D:3      | Reached skill level 3 in Unarmed Combat
  1762 | D:3      | Reached XP level 5. HP: 30/49 MP: 6/6
  1831 | D:3      | Reached skill level 4 in Unarmed Combat
  2198 | D:4      | Reached XP level 6. HP: 35/58 MP: 7/7
  2400 | D:4      | Reached skill level 5 in Unarmed Combat
  2510 | D:4      | Reached XP level 7. HP: 64/66 MP: 8/8
  2555 | D:4      | Found a sand-covered staircase.
  2566 | Ossuary  | Entered an ossuary
  2566 | Ossuary  | Noticed a wraith
  2566 | Ossuary  | Noticed a wraith
  2566 | Ossuary  | Noticed a wraith
  2737 | Ossuary  | Noticed a wraith
  2746 | Ossuary  | Killed a wraith
  2747 | Ossuary  | Reached skill level 6 in Unarmed Combat
  3052 | D:4      | Reached XP level 8. HP: 52/75 MP: 9/9
  3891 | D:4      | Reached skill level 7 in Unarmed Combat
  4209 | D:5      | Entered Level 5 of the Dungeon
  4221 | D:5      | Found a sacrificial altar of Ru.
  4415 | D:5      | Noticed Menkaure
  4422 | D:5      | Killed Menkaure
  4595 | D:5      | Reached skill level 5 in Dodging
  4855 | D:5      | Noticed Pikel
  4889 | D:5      | Killed Pikel
  4890 | D:5      | Reached skill level 8 in Unarmed Combat
  4890 | D:5      | Reached XP level 9. HP: 33/85 MP: 10/10
  5851 | D:6      | Found an opulent altar of Gozag.
  5897 | D:6      | Found a runed translucent door.
  5897 | D:6      | Noticed Faeu's ghost (novice MiFi)
  6101 | D:6      | Reached skill level 9 in Unarmed Combat
  6473 | D:6      | Found a runed translucent door.
  6474 | D:6      | Noticed Crazy Yiuf
  6576 | D:6      | Killed Crazy Yiuf
  6657 | D:7      | Noticed Joseph
  6669 | D:8      | Noticed a kobold demonologist
  6675 | D:7      | Paralysed by Joseph for 2 turns
  6688 | D:7      | Killed Joseph
  6750 | D:8      | Noticed an ice devil
  6757 | D:7      | Killed a kobold demonologist
  6758 | D:7      | Reached skill level 5 in Fighting
  6954 | D:7      | Reached skill level 10 in Unarmed Combat
  7026 | D:7      | Found a staircase to the Ecumenical Temple.
  7066 | D:7      | Found an iron altar of Okawaru.
  7072 | D:7      | Became a worshipper of Warmaster Okawaru
  7149 | D:7      | Found a burning altar of Makhleb.
  7170 | D:7      | Noticed an eight-headed hydra
  7180 | D:7      | Noticed a troll
  7201 | D:6      | HP: 4/88 [killer bee (6)]
  7203 | D:6      | HP: 1/88 [poisoned by a killer bee]
  7214 | D:6      | HP: 3/88 [killer bee (2)]
  7215 | D:6      | Succumbed to a killer bee's poison

Illustrated notes

Levels and vault maps discovered:
D:1:      minmay_arrival_split_and_join, layout_basic
D:2:      layout_loops_ring, nicolae_ecumenical_snake_handling
D:3:      minmay_general_purpose_star, layout_rooms,
          nicolae_elyvilon_peaceful_grove, corexii_item_surrounded_by_moat,
          serial_bayou_crossing
D:4:      layout_layer_cave, nicolae_ossuary_entry_catacombs
D:5:      layout_layer_cave, amcnicky_altar_gilded, grunt_ministairs_11,
          uniq_pikel, uniq_menkaure
D:6:      minmay_flawed_box, layout_basic, mainiacjoe_overflow_alcove_2,
          gammafunk_ghost_grave, uniq_crazy_yiuf_cottage
D:7:      layout_rooms, kennysheep_little_box, lemuel_doored_altar,
          minmay_temple_entry_hall, hex_tiny, hellmonk_guarded_unrand_vines,
          uniq_joseph
D:8:      layout_basic, grunt_qazlal_clouds

Skill      XL: |  1  2  3  4  5  6  7  8  9 |
---------------+----------------------------+-----
Dodging        | 2 3 4 5 7 |  7.1
Fighting       | 2 3 4 5 |  5.1
Unarmed Combat | 3 4 5 6 8 10 | 10.0
Throwing       | |  0.9
Spellcasting   | |  1.3
Translocations | |  2.8

Action                   |  1- 3 |  4- 6 |  7- 9 || total
-------------------------+-------+-------+-------++-------
Melee: Unarmed           |    95 |   134 |   316 ||   545
       Punch             |     2 |     1 |    16 ||    19
  Use: Potion            |       |       |     3 ||     3
       Scroll            |       |       |     1 ||     1
 Stab: Sleeping          |     1 |       |       ||     1
Armor: Robe              |    33 |    29 |   101 ||   163
Dodge: Dodged            |    63 |    65 |   165 ||   293
